PBL
TAMPA BAY RAYS @ TEXAS RANGERS
07/26/2071
 
TOP OF THE 1ST
Tampa Bay Rays batting - Pitching for Texas Rangers : RHP Arturo Guerrero
Pitching: RHP Arturo Guerrero
Batting: RHB Ken Potter 0-0: SINGLE (Flyball, 56D, EV 89.4 MPH)
Batting: LHB Manuel Gonzáles 0-0: Ball
Ken Potter steals 2nd base
1-0: Foul Ball, location: 2F
1-1: Foul Ball, location: 2F
1-2: DOUBLE (Line Drive, 9LS, EV 93.1 MPH)
Ken Potter scores
Batting: LHB Oliver Whitley 0-0: Called Strike
0-1: Swinging Strike
0-2: Ball
1-2: Foul Ball, location: 7LDF
1-2: Strikes out looking
Batting: RHB Jorge Baca 0-0: Foul Ball, location: 5SF
0-1: Fly out, F6 (Popup, 25, EV 89.4 MPH)
Batting: RHB Tom Pike 0-0: Called Strike
0-1: Swinging Strike
0-2: Foul Ball, location: 2F
0-2: Ball
1-2: Ball
2-2: Foul Ball, location: 5FF
2-2: Strikes out looking
Top of the 1st over - 1 run, 2 hits, 0 errors, 1 left on base; Tampa Bay 1 - Texas 0
BOTTOM OF THE 1ST
Texas Rangers batting - Pitching for Tampa Bay Rays : RHP Ramón Candeléria
Pitching: RHP Ramón Candeléria
Batting: LHB Claudio Valenzuela 0-0: Ground out 5-3 (Groundball, 56, EV 83.1 MPH)
Batting: LHB Ben Williamson 0-0: Foul Ball, location: 2F
0-1: Ball
1-1: Swinging Strike
1-2: Foul Ball, location: 7LMF
1-2: SINGLE (Line Drive, 5D, EV 95.6 MPH)
Batting: LHB Noburo Oike 0-0: Called Strike
0-1: Called Strike
0-2: Ball
1-2: Fly out, F7 (Flyball, 7D, EV 99.4 MPH)
Batting: LHB Michael Gutiérrez 0-0: Ball
1-0: Called Strike
1-1: Swinging Strike
1-2: Ball
2-2: SINGLE (Line Drive, 6D, EV 99.4 MPH)
Ben Williamson to second
Batting: LHB Dave Baker 0-0: Ball
1-0: Ball
2-0: Foul Ball, location: 2F
2-1: Foul Ball, location: 7LSF
2-2: Ball
3-2: Reached on error, E8 (Line Drive, 89M, EV 91.9 MPH)
Ben Williamson scores
Michael Gutiérrez to third
Batting: SHB Cary Mench 0-0: Called Strike
0-1: Foul Ball, location: 5SF
0-2: Ball
1-2: Ground out 5-3 (Groundball, 56, EV 81.9 MPH)
Bottom of the 1st over - 1 run, 2 hits, 1 error, 2 left on base; Tampa Bay 1 - Texas 1
TOP OF THE 2ND
Tampa Bay Rays batting - Pitching for Texas Rangers : RHP Arturo Guerrero
Batting: SHB Barry Huffman 0-0: Ball
1-0: Ball
2-0: Called Strike
2-1: Ball
3-1: SOLO HOME RUN (Flyball, 9D, EV 103.1 MPH), Distance : 401 ft
Batting: RHB Colt Keeling 0-0: Ball
1-0: Ball
2-0: Ball
3-0: Called Strike
3-1: Called Strike
3-2: Strikes out swinging
Batting: RHB Carlos Cruz 0-0: Called Strike
0-1: Ball
1-1: Foul Ball, location: 3FF
1-2: Foul Ball, location: 2F
1-2: Foul Ball, location: 3DF
1-2: SOLO HOME RUN (Flyball, 89XD, EV 104.4 MPH), Distance : 405 ft
Batting: RHB Paul Robertson 0-0: Ball
1-0: Swinging Strike
1-1: Called Strike
1-2: Fly out, F4 (Popup, 4S, EV 83.1 MPH)
Batting: RHB Ken Potter 0-0: Ball
1-0: Foul Ball, location: 2F
1-1: Ball
2-1: Foul Ball, location: 2F
2-2: Ground out 6-3 (Groundball, 6, EV 83.1 MPH)
Top of the 2nd over - 2 runs, 2 hits, 0 errors, 0 left on base; Tampa Bay 3 - Texas 1
BOTTOM OF THE 2ND
Texas Rangers batting - Pitching for Tampa Bay Rays : RHP Ramón Candeléria
Batting: RHB Alberto Morales 0-0: Ball
1-0: Called Strike
1-1: Ball
2-1: Swinging Strike
2-2: Ball
3-2: DOUBLE (Line Drive, 89D, EV 110.6 MPH)
Batting: LHB Todd O'Higgins 0-0: Ball
1-0: Ball
2-0: Foul Ball, location: 23FF
2-1: TRIPLE (Groundball, 3L, EV 110.0 MPH)
Alberto Morales scores
Batting: LHB Ken'ichi Matsuura 0-0: Ball
1-0: Called Strike
1-1: Foul Ball, location: 7LSF
1-2: Ball
2-2: Fly out, F4 (Popup, 4MS, EV 77.5 MPH)
Batting: LHB Claudio Valenzuela 0-0: Ball
1-0: Ball
2-0: Fly out, F4 (Popup, 34, EV 67.5 MPH)
Batting: LHB Ben Williamson 0-0: Fly out, F8 (Flyball, 8RM, EV 85.6 MPH)
Bottom of the 2nd over - 1 run, 2 hits, 0 errors, 1 left on base; Tampa Bay 3 - Texas 2
TOP OF THE 3RD
Tampa Bay Rays batting - Pitching for Texas Rangers : RHP Arturo Guerrero
Batting: LHB Manuel Gonzáles 0-0: Swinging Strike
0-1: Ball
1-1: Called Strike
1-2: Foul Ball, location: 2F
1-2: Strikes out swinging
Batting: LHB Oliver Whitley 0-0: Called Strike
0-1: Swinging Strike
0-2: Strikes out looking
Batting: RHB Jorge Baca 0-0: Foul Ball, location: 5F
0-1: Ball
1-1: Foul Ball, location: 2F
1-2: SINGLE (Flyball, 78S, EV 89.4 MPH)
Batting: RHB Tom Pike 0-0: Ball
1-0: Called Strike
1-1: Swinging Strike
1-2: Ball
2-2: Foul Ball, location: 2F
2-2: Ball
3-2: SINGLE (Line Drive, 34D, EV 67.5 MPH)
Jorge Baca to second
Jorge Baca to third
Batting: SHB Barry Huffman 0-0: SINGLE (Flyball, 78S, EV 100.0 MPH)
Jorge Baca scores
Tom Pike to second
Batting: RHB Colt Keeling 0-0: Called Strike
0-1: Foul Ball, location: 3F
0-2: Foul Ball, location: 23FF
0-2: Ball
1-2: Foul Ball, location: 3FF
1-2: Foul Ball, location: 23F
1-2: Fielders Choice at 2nd, 5-4 (Groundball, 56, EV 85.0 MPH)
Top of the 3rd over - 1 run, 3 hits, 0 errors, 2 left on base; Tampa Bay 4 - Texas 2
BOTTOM OF THE 3RD
Texas Rangers batting - Pitching for Tampa Bay Rays : RHP Ramón Candeléria
Batting: LHB Noburo Oike 0-0: Called Strike
0-1: Ball
1-1: Foul Ball, location: 3F
1-2: Strikes out swinging
Batting: LHB Michael Gutiérrez 0-0: Ball
1-0: Ball
2-0: Called Strike
2-1: Ball
3-1: Swinging Strike
3-2: Fly out, F9 (Line Drive, 89S, EV 91.9 MPH)
Batting: LHB Dave Baker 0-0: Fly out, F9 (Flyball, 9D, EV 105.0 MPH)
Bottom of the 3rd over - 0 runs, 0 hits, 0 errors, 0 left on base; Tampa Bay 4 - Texas 2
TOP OF THE 4TH
Tampa Bay Rays batting - Pitching for Texas Rangers : RHP Arturo Guerrero
Batting: RHB Carlos Cruz 0-0: Foul Ball, location: 3DF
0-1: Swinging Strike
0-2: Strikes out swinging
Batting: RHB Paul Robertson 0-0: Ball
1-0: Called Strike
1-1: Ball
2-1: Swinging Strike
2-2: SINGLE (Groundball, 3D, EV 100.0 MPH)
Batting: RHB Ken Potter 0-0: Ball
1-0: Called Strike
1-1: Ball
2-1: Foul Ball, location: 2F
2-2: Ball
3-2: Fielders Choice at 2nd, 3-6 (Groundball, 34S, EV 89.4 MPH)
Batting: LHB Manuel Gonzáles 0-0: Ball
1-0: Foul Ball, location: 2F
1-1: Ball
Ken Potter steals 2nd base
2-1: Ball
3-1: SINGLE (Line Drive, 56D, EV 98.1 MPH)
Ken Potter to third
Runner from 3rd tries for Home, SAFE, throw by LF to home
Manuel Gonzáles to second
Pitching: RHP Jim Dawson
Batting: LHB Oliver Whitley 0-0: Ball
Wild Pitch!
Manuel Gonzáles to third
1-0: Ball
2-0: Called Strike
2-1: Foul Ball, location: 7LSF
2-2: Ball
3-2: Strikes out looking
Top of the 4th over - 1 run, 2 hits, 0 errors, 1 left on base; Tampa Bay 5 - Texas 2
BOTTOM OF THE 4TH
Texas Rangers batting - Pitching for Tampa Bay Rays : RHP Ramón Candeléria
Batting: SHB Cary Mench 0-0: Called Strike
0-1: Ball
1-1: Ground out 4-3 (Groundball, 34, EV 87.5 MPH)
Batting: RHB Alberto Morales 0-0: Reached on error, E5 (Groundball, 56, EV 100.6 MPH)
Batting: LHB Todd O'Higgins 0-0: Ball
1-0: Called Strike
1-1: DOUBLE (Line Drive, 5D, EV 99.4 MPH)
Alberto Morales to third
Runner from 3rd tries for Home, SAFE, throw by LF to home
Batting: LHB Ken'ichi Matsuura 0-0: Ball
1-0: Ball
2-0: Foul Ball, location: 7LDF
2-1: Ball
3-1: Ground out 6-3 (Groundball, 56, EV 97.5 MPH)
Batting: LHB Claudio Valenzuela 0-0: Ball
1-0: Ground out 4-3 (Groundball, 4, EV 89.4 MPH)
Bottom of the 4th over - 1 run, 1 hit, 1 error, 1 left on base; Tampa Bay 5 - Texas 3
TOP OF THE 5TH
Tampa Bay Rays batting - Pitching for Texas Rangers : RHP Jim Dawson
Batting: RHB Jorge Baca 0-0: Ball
1-0: Ball
2-0: Foul Ball, location: 9LSF
2-1: Ground out 6-3 (Groundball, 6, EV 89.4 MPH)
Batting: RHB Tom Pike 0-0: Ball
1-0: Ball
2-0: Ball
3-0: Called Strike
3-1: Foul Ball, location: 23F
3-2: Strikes out swinging
Batting: SHB Barry Huffman 0-0: Swinging Strike
0-1: Swinging Strike
0-2: Strikes out looking
Top of the 5th over - 0 runs, 0 hits, 0 errors, 0 left on base; Tampa Bay 5 - Texas 3
BOTTOM OF THE 5TH
Texas Rangers batting - Pitching for Tampa Bay Rays : RHP Ramón Candeléria
Batting: LHB Ben Williamson 0-0: Called Strike
0-1: Ball
1-1: SINGLE (Groundball, 34D, EV 108.8 MPH)
Batting: LHB Noburo Oike 0-0: Called Strike
0-1: Fielders Choice at 2nd, 6-4 (Groundball, 6, EV 106.3 MPH)
Batting: LHB Michael Gutiérrez 0-0: Swinging Strike
0-1: Foul Ball, location: 3FF
0-2: Ball
1-2: Fly out, F9 (Flyball, 9, EV 88.1 MPH)
Batting: LHB Dave Baker 0-0: Ball
1-0: Ground out 4-3 (Groundball, 4, EV 108.1 MPH)
Bottom of the 5th over - 0 runs, 1 hit, 0 errors, 1 left on base; Tampa Bay 5 - Texas 3
TOP OF THE 6TH
Tampa Bay Rays batting - Pitching for Texas Rangers : RHP Jim Dawson
Batting: RHB Colt Keeling 0-0: Foul Ball, location: 9LMF
0-1: Ball
1-1: Ball
2-1: Foul Ball, location: 9LMF
2-2: Strikes out looking
Batting: RHB Carlos Cruz 0-0: Ball
1-0: Ball
2-0: Ball
3-0: Called Strike
3-1: Base on Balls
Pitching: RHP Michael Peterson
Batting: RHB Paul Robertson 0-0: Ball
1-0: Foul Ball, location: 2F
1-1: 2-RUN HOME RUN (Flyball, 7D, EV 95.0 MPH), Distance : 364 ft
Batting: RHB Ken Potter 0-0: Fly out, F4 (Popup, 4S, EV 75.6 MPH)
Batting: LHB Manuel Gonzáles 0-0: Called Strike
0-1: Called Strike
0-2: Fly out, F6 (Popup, 56, EV 55.0 MPH)
Top of the 6th over - 2 runs, 1 hit, 0 errors, 0 left on base; Tampa Bay 7 - Texas 3
BOTTOM OF THE 6TH
Texas Rangers batting - Pitching for Tampa Bay Rays : RHP Ramón Candeléria
Batting: SHB Cary Mench 0-0: Called Strike
0-1: Ground out 4-3 (Groundball, 4, EV 79.4 MPH)
Batting: RHB Alberto Morales 0-0: Foul Ball, location: 23F
0-1: Swinging Strike
0-2: Ball
1-2: Strikes out swinging
Batting: LHB Todd O'Higgins 0-0: Ball
1-0: Called Strike
1-1: Ball
2-1: Swinging Strike
2-2: Foul Ball, location: 5F
2-2: Foul Ball, location: 2F
2-2: Ground out U3 (Groundball, 34, EV 100.0 MPH)
Bottom of the 6th over - 0 runs, 0 hits, 0 errors, 0 left on base; Tampa Bay 7 - Texas 3
TOP OF THE 7TH
Tampa Bay Rays batting - Pitching for Texas Rangers : RHP Michael Peterson
Batting: LHB Oliver Whitley 0-0: Called Strike
0-1: Ball
1-1: Foul Ball, location: 2F
1-2: SOLO HOME RUN (Flyball, 89XD, EV 105.6 MPH), Distance : 389 ft
Batting: RHB Jorge Baca 0-0: Ball
1-0: SINGLE (Line Drive, 78S, EV 88.8 MPH)
Batting: RHB Tom Pike 0-0: Ball
1-0: Called Strike
1-1: Ball
2-1: Foul Ball, location: 9LDF
2-2: Foul Ball, location: 2F
2-2: Ball
3-2: Foul Ball, location: 2F
3-2: Fly out, F3 (Popup, 3S, EV 86.9 MPH)
Batting: SHB Barry Huffman 0-0: Ball
1-0: Fly out, F8 (Flyball, 8RS, EV 88.1 MPH)
Batting: RHB Colt Keeling 0-0: Called Strike
0-1: Ball
1-1: 2-RUN HOME RUN (Flyball, 78XD, EV 103.1 MPH), Distance : 417 ft
Batting: RHB Carlos Cruz 0-0: Called Strike
0-1: Ball
1-1: Foul Ball, location: 23F
1-2: SOLO HOME RUN (Flyball, 8RXD, EV 98.1 MPH), Distance : 405 ft
Pitching: RHP Jake Krause
Batting: RHB Paul Robertson 0-0: Called Strike
0-1: Swinging Strike
0-2: Ball
1-2: Strikes out swinging
Top of the 7th over - 4 runs, 4 hits, 0 errors, 0 left on base; Tampa Bay 11 - Texas 3
BOTTOM OF THE 7TH
Texas Rangers batting - Pitching for Tampa Bay Rays : RHP Ramón Candeléria
Batting: LHB Ken'ichi Matsuura 0-0: Foul Ball, location: 2F
0-1: Foul Ball, location: 2F
0-2: Foul Ball, location: 5DF
0-2: Foul Ball, location: 3DF
0-2: Foul Ball, location: 7LDF
0-2: Ball
1-2: Reached on error, E6 (Groundball, 56, EV 90.0 MPH)
Pitching: LHP Johnny Sizemo
Batting: LHB Claudio Valenzuela 0-0: Ground out 4-3 (Groundball, 4S, EV 73.8 MPH)
Ken'ichi Matsuura to third
Batting: LHB Ben Williamson 0-0: Foul Ball, location: 2F
0-1: SINGLE (Groundball, 4MD, EV 100.6 MPH)
Ken'ichi Matsuura scores
Batting: LHB Noburo Oike 0-0: Hit by Pitch
Ben Williamson to second
Batting: LHB Michael Gutiérrez 0-0: Ball
1-0: Ball
2-0: Foul Ball, location: 3F
2-1: Swinging Strike
2-2: Strikes out swinging
Batting: LHB Dave Baker 0-0: Fly out, F9 (Flyball, 89M, EV 88.8 MPH)
Bottom of the 7th over - 1 run, 1 hit, 1 error, 2 left on base; Tampa Bay 11 - Texas 4
TOP OF THE 8TH
Tampa Bay Rays batting - Pitching for Texas Rangers : RHP Jake Krause
Batting: RHB Ken Potter 0-0: Called Strike
0-1: Ball
1-1: Fly out, F5 (Line Drive, 56, EV 70.0 MPH)
Pinch Hitting: RHB John Nelson 0-0: Ball
1-0: Ball
2-0: SINGLE (Groundball, 6MS, EV 65.0 MPH) (infield hit)
Pinch Hitting: LHB César García 0-0: Foul Ball, location: 7LSF
0-1: Foul Ball, location: 2F
0-2: Foul Ball, location: 5SF
0-2: Strikes out looking
Batting: RHB Jorge Baca 0-0: Foul Ball, location: 9LDF
0-1: Ball
1-1: Called Strike
1-2: Foul Ball, location: 9LMF
1-2: Strikes out swinging
Top of the 8th over - 0 runs, 1 hit, 0 errors, 1 left on base; Tampa Bay 11 - Texas 4
BOTTOM OF THE 8TH
Texas Rangers batting - Pitching for Tampa Bay Rays : LHP Johnny Sizemo
Now in LF: John Nelson
Now in RF: César García
Batting: SHB Cary Mench 0-0: Ball
1-0: Ball
2-0: Ball
3-0: Called Strike
3-1: Ground out 6-3 (Groundball, 6, EV 85.6 MPH)
Batting: RHB Alberto Morales 0-0: Foul Ball, location: 2F
0-1: Ground out 5-3 (Groundball, 5, EV 79.4 MPH)
Batting: LHB Todd O'Higgins 0-0: Ball
1-0: Foul Ball, location: 9LSF
1-1: Ball
2-1: DOUBLE (Flyball, 7LD, EV 109.4 MPH)
Batting: LHB Ken'ichi Matsuura 0-0: SINGLE (Line Drive, 7LS, EV 86.3 MPH)
Todd O'Higgins to third
Runner from 3rd tries for Home, SAFE, throw by LF to home
Batting: LHB Claudio Valenzuela 0-0: Ball
1-0: Ball
2-0: Ball
3-0: Foul Ball, location: 2F
3-1: Foul Ball, location: 2F
3-2: Strikes out swinging
Bottom of the 8th over - 1 run, 2 hits, 0 errors, 1 left on base; Tampa Bay 11 - Texas 5
TOP OF THE 9TH
Tampa Bay Rays batting - Pitching for Texas Rangers : RHP Jake Krause
Batting: RHB Tom Pike 0-0: Fly out, F9 (Flyball, 89M, EV 95.6 MPH)
Batting: SHB Barry Huffman 0-0: Ball
1-0: Swinging Strike
1-1: Swinging Strike
1-2: Ball
2-2: Foul Ball, location: 3FF
2-2: Strikes out swinging
Batting: RHB Colt Keeling 0-0: Called Strike
0-1: Ball
1-1: Swinging Strike
1-2: Strikes out swinging, 2-3 out at first.
Top of the 9th over - 0 runs, 0 hits, 0 errors, 0 left on base; Tampa Bay 11 - Texas 5
BOTTOM OF THE 9TH
Texas Rangers batting - Pitching for Tampa Bay Rays : LHP Johnny Sizemo
Batting: LHB Ben Williamson 0-0: Swinging Strike
0-1: Called Strike
0-2: Ball
1-2: Fly out, F8 (Line Drive, 8LM, EV 90.0 MPH)
Batting: LHB Noburo Oike 0-0: Ball
1-0: Foul Ball, location: 3F
1-1: Ball
2-1: Fly out, F7 (Flyball, 7D, EV 101.9 MPH)
Batting: LHB Michael Gutiérrez 0-0: Ball
1-0: Ball
2-0: Called Strike
2-1: Swinging Strike
2-2: Foul Ball, location: 23F
2-2: Foul Ball, location: 2F
2-2: Strikes out swinging
Bottom of the 9th over - 0 runs, 0 hits, 0 errors, 0 left on base; Tampa Bay 11 - Texas 5
Thursday, May 2nd , 2024 - OOTP Baseball 24.10 Build 82